 Dungeon Crawl Stone Soup version 0.30-a0-122-g2a1322497e (webtiles) character file.

Game seed: 15760897034476219813

845 oriname the Cudgeller (level 7, 0/62 HPs)
             Began as a Minotaur Berserker on Sept 16, 2022.
             Was a Priest of Trog.
             Slain by Grinder (6 damage)
             ... on level 5 of the Dungeon.
             The game lasted 00:16:59 (3531 turns).

oriname the Cudgeller (Minotaur Berserker)          Turns: 3531, Time: 00:17:00

Health: 0/62       AC:  6    Str: 36    XL:     7   Next: 68%
Magic:  6/6        EV: 12    Int:  8    God:    Trog [***...]
Gold:   231        SH:  0    Dex:  9    Spells: 6/6 levels left

rFire   . . .      SeeInvis .    q - +3 falchion "Orb Guardian's Death" {speed, Will+ Str+6 Int+4 Stlth-}
rCold   . . .      Faith    .    (no shield)
rNeg    . . .      Spirit   .    s - +0 ring mail
rPois   .          Reflect  .    (helmet restricted)
rElec   .          Harm     .    (no cloak)
rCorr   .          Rampage  .    (no gloves)
Will    +....                    (no boots)
Stlth   ..........               (no amulet)
HPRegen 0.20/turn                g - +6 ring of strength
MPRegen 0.10/turn                (no ring)

@: weakened
A: horns 2, retaliatory headbutt
a: Renounce Religion, Berserk, Trog's Hand


You were on level 5 of the Dungeon.
You worshipped Trog.
Trog was most pleased with you.
You visited 1 branch of the dungeon, and saw 6 of its levels.

You collected 231 gold pieces.

Inventory:

Hand Weapons
 a - a +0 mace
 e - a +0 dagger
 m - a +0 flail
 q - the +3 falchion "Orb Guardian's Death" (weapon) {speed, Will+ Str+6 Int+4 Stlth-}
   (You found it on level 3 of the Dungeon)

   Attacks with this weapon are significantly faster.
   Str:       It affects your strength (+6).
   Int:       It affects your intelligence (+4).
   Will:      It increases your willpower.
   Stlth:     It makes you less stealthy.
Missiles
 w - 7 throwing nets (quivered)
Armour
 b - a +0 animal skin
 j - a +0 leather armour
 l - a +0 chain mail
 s - a +0 ring mail (worn)
Jewellery
 g - a +6 ring of strength (left hand)
Wands
 u - a wand of flame (6)
Scrolls
 i - a scroll of blinking {unknown}
 o - 4 scrolls of identify {unknown}
 t - a scroll of magic mapping {unknown}
Potions
 c - a potion of curing {unknown}
 d - 2 potions of brilliance {unknown}
 f - 3 potions of might {unknown}
 h - a potion of attraction {unknown}
 k - 2 potions of lignification {unknown}
 n - a potion of heal wounds {unknown}
 p - a potion of flight {unknown}
 r - a potion of ambrosia {unknown}
 v - a potion of mutation {unknown}


   Skills:
 + Level 5.7 Fighting
 + Level 5.0 Long Blades
 + Level 6.0 Maces & Flails
 + Level 5.0 Armour
 + Level 4.1 Dodging
 + Level 0.8 Stealth


You had 6 spell levels left.
You didn't know any spells.
Your spell library was empty.

Dungeon Overview and Level Annotations

Branches:
Dungeon (6/15)
 Temple: D:4-7

Altars:
Ashenzari
Dithmenos
Fedhas
Hepliaklqana
Okawaru
Qazlal
Uskayaw
Yredelemnul
Zin

Annotations:
D:5 Grinder


Innate Abilities, Weirdness & Mutations

You have a pair of horns on your head.
You reflexively headbutt those who attack you in melee.


Message History

The gnoll hits you from afar with a +0 halberd.
* * * LOW HITPOINT WARNING * * *
You barely miss the gnoll.
You headbutt the gnoll, but do no damage.
The gnoll is lightly wounded.
The gnoll barely misses you. You furiously retaliate!
You headbutt the gnoll. The gnoll closely misses you.
The gnoll bouda gazes fiercely through you!
You feel as though you will be weak longer.
The gnoll is no longer moving quickly.
The gnoll bouda barks out a call to the hunt!
The gnoll picks up the pace!
The gnoll is no longer moving quickly.
The gnoll bouda gazes fiercely through you!
You feel as though you will be weak longer.
The gnoll attacks as you move away! The gnoll hits you with a +0 flail.
* * * LOW HITPOINT WARNING * * *
The gnoll bouda barks out a call to the hunt!
The gnoll picks up the pace!
The gnoll closely misses you. x2
The gnoll attacks as you move away! The gnoll closely misses you.
You furiously retaliate!
You headbutt the gnoll.
The gnoll bouda calls upon its god to heal the gnoll.
The gnoll is healed somewhat.
There is a stone staircase leading up here.
The gnoll misses you. The gnoll hits you with a +0 flail.
* * * LOW HITPOINT WARNING * * *
You climb upwards.
Level annotation: Grinder
There is a stone staircase leading down here.
You closely miss the gnoll. Your headbutt misses the gnoll.
The gnoll is moderately wounded.
Grinder says, "You look like you could use a good racking."
The gnoll misses you.
The gnoll bouda calls upon its god to heal the gnoll.
The gnoll's wounds heal themselves!
The gnoll closely misses you.
The gnoll bouda barks out a call to the hunt!
The gnolls pick up the pace!
Grinder hits you.
You die...

......≈....# ##...≈...#.#
#.....≈.....# ##....≈..##.#
###.....≈≈.....##.....≈..#.5#
.........≈≈...gggh.g.≈≈..#.##
..........≈≈≈≈≈≈≈≈≈≈≈≈..##.#
.<(........................#
[.(...........^.>.....##.###
8.......>.......g5.........##
................@.#....###..#
..#................#..#####.####
....#.#............##..........#
....#^#.<.#.#..................#
8.###8# ..####....#...)........#
...##^# ...#....##............#
....#.# ..##.......).........#
......# #..........#..#+++#..#
..##.### #...#...#....## #.#


You could see Grinder, a gnoll bouda, 4 gnolls and a jackal.

Vanquished Creatures
  A centaur (D:5)
  A phantom (D:3)
  A bullfrog (D:6)
  A necrophage (D:4)
  A gnoll sergeant (D:5)
  2 hounds (D:5)
  A gnoll bouda (D:5)
  An orc priest (D:4)
  A jelly (D:5)
  2 iguanas
  Ijyb (D:4)
  Robin (D:2)
  14 gnolls
  4 adders
  2 white imps
  An ufetubus (D:5)
  4 dart slugs
  9 orcs (D:4)
  6 endoplasms
  3 giant cockroaches
  11 goblins
  4 hobgoblins
  A jackal (D:5)
  6 kobolds
  7 quokkas
  A ball python (D:3)
  A bat (D:1)
  3 frilled lizards
  4 rats
95 creatures vanquished.

Notes
Turn   | Place    | Note
-------+----------+-------------------------------------------
     0 | D:1      | oriname the Minotaur Berserker began the quest for the Orb.
     0 | D:1      | Reached XP level 1. HP: 19/19 MP: 0/0
   100 | D:1      | Found a faded altar of an unknown god.
   234 | D:1      | Reached XP level 2. HP: 16/27 MP: 1/1
   635 | D:2      | Reached skill level 4 in Maces & Flails
   709 | D:2      | Reached XP level 3. HP: 21/33 MP: 2/2
   751 | D:2      | Noticed Robin
   759 | D:2      | Reached ** piety under Trog
   760 | D:2      | Killed Robin
  1395 | D:2      | Reached XP level 4. HP: 41/41 MP: 3/3
  1711 | D:3      | Reached skill level 5 in Maces & Flails
  1745 | D:3      | Reached XP level 5. HP: 43/47 MP: 4/4
  1813 | D:3      | Noticed a phantom
  1822 | D:3      | Killed a phantom
  1848 | D:3      | Found a blossoming altar of Fedhas.
  1859 | D:3      | Found a hazy altar of Hepliaklqana.
  1863 | D:3      | Found a glowing silver altar of Zin.
  1865 | D:3      | Found a stormy altar of Qazlal.
  1867 | D:3      | Found a basalt altar of Yredelemnul.
  1867 | D:3      | Found a shadowy altar of Dithmenos.
  1868 | D:3      | Found a broken altar of Ashenzari.
  1883 | D:3      | Identified the +3 falchion "Orb Guardian's Death" {speed,
                  | Will+ Str+6 Int+4 Stlth-}
  2274 | D:4      | Found an iron altar of Okawaru.
  2308 | D:4      | Noticed Ijyb
  2316 | D:4      | Reached skill level 1 in Long Blades
  2316 | D:4      | Reached XP level 6. HP: 51/55 MP: 5/5
  2328 | D:4      | Killed Ijyb
  2563 | D:5      | Entered Level 5 of the Dungeon
  2577 | D:5      | Reached *** piety under Trog
  2590 | D:4      | Reached skill level 5 in Fighting
  2597 | D:4      | Reached skill level 6 in Maces & Flails
  3135 | D:5      | Reached XP level 7. HP: 40/61 MP: 6/6
  3225 | D:5      | Found a hide-covered altar of Uskayaw.
  3448 | D:5      | Noticed Grinder
  3516 | D:6      | Reached skill level 5 in Long Blades
  3516 | D:6      | Reached skill level 5 in Armour
  3531 | D:5      | Slain by Grinder

Illustrated notes

Levels and vault maps discovered:
D:1:      ebering_trefoil_3fold, layout_basic, shapermc_ecumenical_altar_venn,
          minmay_lizard_king
D:2:      layout_basic, serial_aquarium, aquarium_bridge_square
          [aquarium_subvault_bridge, aquarium_subvault_wall,
          aquarium_subvault_wall, aquarium_subvault_bridge],
          aquarium_window_fake, aquarium_window_2, aquarium_window_double,
          aquarium_view_2d, aquarium_view_2e, basic_altar, uniq_robin
D:3:      layout_rooms, tso_altar, grunt_temple_overflow_open
D:4:      layout_basic, nicolae_overflow_hidden_temple,
          mainiacjoe_overflow_six_doors_small, uniq_ijyb
D:5:      layout_cave_pools, mainiacjoe_overflow_alcove_2, serial_gnoll_camp,
          gnoll_camp_huts_moat, gnoll_camp_mini_hut, gnoll_camp_medium_01,
          gnoll_camp_mini_loothouse, gnoll_camp_mini_doghouse,
          ebering_dispersal_statue_hall, minmay_manual_mares, uniq_grinder
D:6:      layout_basic, minmay_temple_entry_enclosed_plants,
          amcnicky_mini_corridor_feature

Skill      XL: |  1  2  3  4  5  6  7 |
---------------+----------------------+-----
Fighting       | 4 5 |  5.7
Maces & Flails | 4 5 6 |  6.0
Armour         | 3 4 5 |  5.0
Dodging        | 3 4 |  4.1
Long Blades    | 1 3 5 |  5.0
Stealth        | |  0.8

Action                   |  1- 3 |  4- 6 |  7- 9 || total
-------------------------+-------+-------+-------++-------
Melee: Mace              |    65 |    10 |       ||    75
       Headbutt          |     5 |    28 |    10 ||    43
       Flail             |       |    30 |       ||    30
       Punch             |       |     2 |       ||     2
       Falchion          |       |   105 |    41 ||   146
Armor: Animal skin       |     3 |       |       ||     3
       Leather armour    |    16 |       |       ||    16
       Chain mail        |       |    24 |       ||    24
       Ring mail         |       |    31 |    17 ||    48
Dodge: Dodged            |    49 |    87 |    67 ||   203

Table legend: (Time is in decaauts)
 A = Elapsed time spent in this place.
 B = Non-inter-level travel time spent in this place.
 C = Inter-level travel time spent in this place.
 D = Time resting spent in this place.
 E = Time spent auto-exploring this place.
 F = Levels seen in this place.
 G = Mean time per level.
                   A        B        C        D        E       F      G
               +--------+--------+--------+--------+--------+-----+--------+
         Total |   3518 |   3518 |      0 |   1576 |      0 |   6 |  586.3 |
       Dungeon |   3518 |   3518 |      0 |   1576 |      0 |   6 |  586.3 |
               +--------+--------+--------+--------+--------+-----+--------+

Top non-repeatable levels by time:
     D:2: 1117 daAuts
     D:4: 964 daAuts
     D:1: 599 daAuts
     D:5: 408 daAuts
     D:3: 392 daAuts
     D:6: 36 daAuts
